 Dungeon Crawl Stone Soup version 0.23-a0-49-gd9f7a49668 (webtiles) character file.

264 RedPan the Sneak (level 6, -2/56 HPs)
             Began as a Naga Monk on Aug 6, 2018.
             Slain by an orc
             ... wielding a +0 dagger
              (7 damage)
             ... on level 3 of the Dungeon.
             The game lasted 00:04:39 (3252 turns).

RedPan the Sneak (Naga Monk)                        Turns: 3252, Time: 00:04:40

Health: -2/56      AC:  9    Str: 13 (14) XL:     6   Next: 19%
Magic:  6/6        EV:  8    Int: 10 (12) God:
Gold:   94         SH:  0    Dex: 10 (13) Spells: 5/5 levels left

rFire    + . .     SeeInvis +   a - +0 short sword
rCold    + . .     Gourm    .   (no shield)
rNeg     . . .     Faith    .   b - +0 robe
rPois    +         Spirit   .   (helmet restricted)
rElec    +         Reflect  .   l - +0 cloak
rCorr    +         Harm     .   (no gloves)
MR       .....                  e - +1 naga barding
Stlth    +++.......             (no amulet)
HPRegen  0.18/turn              (no ring)
MPRegen  0.10/turn              (no ring)

@: resistant, very slow
A: large, horns 2, see invisible, blink, deformed body, poison resistance,
slowness 2, slow metabolism 1, spit poison 1, MP-powered wands, AC +2
a: Spit Poison, Blink


You were on level 3 of the Dungeon.
You were hungry.

You visited 1 branch of the dungeon, and saw 3 of its levels.

You collected 94 gold pieces.

Inventory:

Hand Weapons
 a - a +0 short sword (weapon)
 h - a +0 dagger
Armour
 b - a +0 robe (worn)
 e - a +1 naga barding (worn)
 l - a +0 cloak (worn)
Scrolls
 i - a scroll of remove curse
 n - a scroll of teleportation
Potions
 f - 2 potions of resistance
 k - a potion of flight {unknown}
Comestibles
 c - a ration


   Skills:
 - Level 3.0 Fighting
 + Level 4.8 Short Blades
 + Level 3.2 Dodging
 + Level 6.7 Stealth


You had 5 spell levels left.
You didn't know any spells.
Your spell library was empty.

Dungeon Overview and Level Annotations

Branches:
Dungeon (3/15)

Altars:
Okawaru


Innate Abilities, Weirdness & Mutations

You cannot wear boots.
Your serpentine skin is tough. (AC +2)
You have supernaturally acute eyesight. (SInv)
Armour fits poorly on your strangely shaped body.
Your system is resistant to poisons. (rPois)
You cover ground very slowly.
You have a slow metabolism.
You can spit poison.
You have a pair of horns on your head.
You can translocate small distances at will.
You expend magic power (3 MP) to strengthen your wands.


Message History

You hit the orc priest but do no damage.
The orc priest is heavily wounded.
The orc priest hits you with a war axe!
* * * LOW HITPOINT WARNING * * *
You feel protected. The orc hits you but does no damage.
The orc wizard looks encouraged for a moment.
The orc priest mumbles some strange prayers to Beogh against you.
You struggle to resist.
It was a potion of degeneration.
There was something very wrong with that liquid.
You feel weakened.
You feel dopey.
You feel clumsy. The orc hits you but does no damage.
The orc priest hits you with a war axe.
* * * LOW HITPOINT WARNING * * *
It was a potion of mutation.
You feel extremely strange. A pair of horns grows on your head!
You feel jittery. The horns on your head grow some more.
You feel your magical essence link to your wands.
The orc hits you with a dagger!
You die...

......#.### ........##.
.......##.. ......##.#
#.......
#########.#....#
#...†...........
#.######.......#†##.###
#..ooo@........#.##.# #
#.#####o............# #
#........#.##.#
#........#.##....
#.............#.#
#.########..... ..# ##
####


You could see an orc priest, an orc wizard (invisible) and 2 orcs.

Vanquished Creatures
  Sigmund (D:3)
  Jessica (D:3)
  2 adders (D:2)
  A worm (D:2)
  2 dart slugs (D:1)
  5 leopard geckos
  2 orcs (D:3)
  2 giant cockroaches
  7 goblins
  6 hobgoblins
  4 jackals
  5 kobolds
  2 quokkas (D:3)
  4 bats
  2 frilled lizards
  6 rats
52 creatures vanquished.

Notes
Turn   | Place    | Note
-------+----------+-------------------------------------------
     0 | D:1      | RedPan the Naga Monk began the quest for the Orb.
     0 | D:1      | Reached XP level 1. HP: 21/21 MP: 1/1
   313 | D:1      | Reached XP level 2. HP: 8/28 MP: 2/2
   595 | D:1      | Reached skill level 4 in Stealth
  1318 | D:1      | Reached XP level 3. HP: 34/34 MP: 3/3
  2333 | D:2      | Reached skill level 5 in Stealth
  2451 | D:2      | Found an iron altar of Okawaru.
  2525 | D:2      | Reached XP level 4. HP: 28/42 MP: 4/4
  2901 | D:3      | Found an iron altar of Okawaru.
  2953 | D:3      | Noticed Sigmund
  2972 | D:3      | Killed Sigmund
  2972 | D:3      | Reached skill level 6 in Stealth
  2972 | D:3      | Reached XP level 5. HP: 24/49 MP: 5/5
  2972 | D:3      | Reached XP level 6. HP: 27/56 MP: 6/6
  3162 | D:3      | Noticed Jessica
  3174 | D:3      | Killed Jessica
  3252 | D:3      | Gained mutation: You have a pair of small horns on your head. [potion of mutation]
  3252 | D:3      | Gained mutation: You can translocate small distances at will. [potion of mutation]
  3252 | D:3      | Gained mutation: You have a pair of horns on your head. [potion of mutation]
  3252 | D:3      | Gained mutation: You expend magic power (3 MP) to strengthen your wands. [potion of mutation]
  3252 | D:3      | Slain by an orc

Vault maps used:
D:1:      wheals_arrival_linesprint, grunt_decor_resistance
D:2:      nicolae_overflow_crystal_walls
D:3:      grunt_temple_overflow_gold_and_silver, okawaru_metal_pillars_1_2,
          uniq_jessica, uniq_purgy, uniq_sigmund

Skill      XL: |  1  2  3  4 |
---------------+-------------+-----
Stealth        | 4 5 6 |  6.7
Short Blades   | 4 |  4.8
Dodging        | 3 |  3.2
Fighting       | |  3.0

Action                   |  1- 3 |  4- 6 || total
-------------------------+-------+-------++-------
Melee: Short sword       |   124 |    77 ||   201
       Dagger            |    49 |       ||    49
 Abil: Spit Poison       |     1 |       ||     1
  Use: Scroll            |     3 |     4 ||     7
       Potion            |       |     3 ||     3
 Stab: Sleeping          |    12 |     7 ||    19
  Eat: Chunk             |     3 |     2 ||     5
Armor: Robe              |    62 |    31 ||    93
Dodge: Dodged            |    76 |    21 ||    97

Table legend:
 A = Spawn XP
 B = Non-spawn XP
 C = Spawn XP percentage of total XP
 D = Spawn monster count
 E = Non-spawn monster count
 F = Spawn count percentage of total count
 G = Total turns spent on level
                    A         B        C        D         E        F      G
               +---------+---------+-------+---------+---------+-------+---------
         Total |       0 |     378 |   0.0 |       0 |      52 |   0.0 |  3252
               +---------+---------+-------+---------+---------+-------+---------
           D:1 |       0 |      38 |   0.0 |       0 |      18 |   0.0 |  1685
           D:2 |       0 |      62 |   0.0 |       0 |      20 |   0.0 |  1126
           D:3 |       0 |     278 |   0.0 |       0 |      14 |   0.0 |   441
               +---------+---------+-------+---------+---------+-------+---------
